 Dungeon Crawl Stone Soup version 0.23-a0-703-gdf2d5e0dd9 (webtiles) character file.

39308 LLavrengius the Blocker (level 14, -18/103 HPs)
             Began as an Octopode Fighter on Jan 13, 2019.
             Was the Champion of Wu Jian.
             Demolished by an orc warrior
             ... wielding a cursed -1 dire flail
              (28 damage)
             ... on level 2 of the Orcish Mines.
             The game lasted 01:55:52 (20602 turns).

LLavrengius the Blocker (Octopode Fighter)         Turns: 20602, Time: 01:55:53

Health: -18/103    AC:  4    Str: 16    XL:     14   Next: 6%
Magic:  20/20      EV: 19    Int: 18    God:    Wu Jian [******]
Gold:   1029       SH: 16    Dex: 12    Spells: 13/21 levels left

rFire    x . .     SeeInvis +   l - +0 dagger (venom)
rCold    . . .     Gourm    .   b - +1 shield
rNeg     + . .     Faith    .   (helmet restricted)
rPois    +         Spirit   .   S - +2 amulet of reflection
rElec    .         Reflect  +   i - ring of ice
rCorr    +         Harm     .   u - ring of see invisible
MR       +....                  x - +3 ring of protection
Stlth    +++.......             h - +4 ring of intelligence
HPRegen  0.27/turn              m - ring "Jefrusai" {+Fly rPois rC- rN+ EV+3}
MPRegen  0.17/turn              Q - ring of resist corrosion
                                (no ring)
                                (no ring)

@: no status effects
A: almost no armour, stealthy swim, amphibious, 8 rings, constrict 8, camouflage
1, gelatinous body 1
a: Wall Jump, Serpent's Lash, Heavenly Storm, Renounce Religion, Evoke Flight


You were on level 2 of the Orcish Mines.
You worshipped Wu Jian.
Wu Jian was exalted by your worship.
You were hungry.

You visited 2 branches of the dungeon, and saw 16 of its levels.
You also visited: Sewer.

You collected 1029 gold pieces.

Inventory:

Hand Weapons
 a - a +0 rapier
 l - a +0 dagger of venom (weapon)
 t - a +0 hunting sling
 H - a +3 scimitar of flaming
 M - a +5 blowgun
 P - a +2 long sword
 T - a +2 vampiric bardiche
Missiles
 s - 291 stones (quivered)
 A - 5 poisoned needles
 I - 2 throwing nets
 N - 6 curare-tipped needles
Armour
 b - a +1 shield (worn)
 D - a +0 large shield
Jewellery
 h - a +4 ring of intelligence (on tentacle)
 i - a ring of ice (left tentacle)
 m - the ring "Jefrusai" (on tentacle) {+Fly rPois rC- rN+ EV+3}
   (You took it off a yaktaur on level 9 of the Dungeon)

   [ring of evasion]

   It affects your evasion (+3).
   It makes you vulnerable to cold.
   It protects you from poison.
   It protects you from negative energy.
   It lets you fly.
 u - a ring of see invisible (right tentacle)
 w - an uncursed amulet of regeneration
 x - a +3 ring of protection (on tentacle)
 Q - a ring of resist corrosion (on tentacle)
 S - a +2 amulet of reflection (around mantle)
 U - an uncursed amulet of faith {unknown}
Wands
 n - a wand of clouds (7)
 r - a wand of disintegration (5)
 v - a wand of scattershot (4)
 y - a wand of flame (23)
 z - a wand of iceblast (8)
 F - a wand of paralysis (11)
 K - a wand of acid (4)
 O - a wand of enslavement (7)
Scrolls
 e - 7 scrolls of blinking
 f - 7 scrolls of remove curse
 j - 4 scrolls of teleportation
 p - 2 scrolls of amnesia
 q - a scroll of fear
 L - 2 scrolls of enchant weapon
 R - a scroll of fog
 W - a scroll of magic mapping {unknown}
Potions
 c - a potion of might
 g - 3 potions of magic
 k - 5 potions of lignification
 o - 2 potions of mutation
 B - 4 potions of haste
 C - 2 potions of cancellation
 E - a potion of curing
 G - 3 potions of ambrosia
 J - 4 potions of flight
 V - a potion of brilliance {unknown}
Comestibles
 d - 22 rations


   Skills:
 - Level 12.0 Fighting
 - Level 10.1 Short Blades
 + Level 7.1 Dodging
 - Level 4.0 Stealth
 * Level 13.8 Shields
 - Level 4.0 Spellcasting
 - Level 5.0 Hexes
 + Level 8.0 Evocations


You had 13 spell levels left.
You knew the following spells:

 Your Spells              Type           Power        Failure   Level  Hunger
a - Confusing Touch       Hex            ###...       1%          1    None
b - Cause Fear            Hex            ###.......   21%         4    ####...
c - Regeneration          Chrm/Necr      #.........   45%         3    ###....

Your spell library contained the following spells:

 Spells                   Type           Power        Failure   Level  Hunger
 Animate Skeleton         Necr           N/A          17%         1    None
 Apportation              Tloc           #.....       17%         1    None
 Flame Tongue             Conj/Fire      #....        17%         1    None
 Infusion                 Chrm           #...         17%         1    None
 Summon Small Mammal      Summ           #...         17%         1    None
 Inner Flame              Hex/Fire       ##......     19%         3    ###....
 Spectral Weapon          Hex/Chrm       ##......     19%         3    ###....
 Shroud of Golubria       Chrm/Tloc      #.........   26%         2    ##.....
 Song of Slaying          Chrm           #.......     26%         2    ##.....
 Throw Flame              Conj/Fire      #.....       26%         2    ##.....
 Conjure Flame            Conj/Fire      #.......     45%         3    ###....
 Sticky Flame             Conj/Fire      #.......     86%         4    ####...
 Silence                  Hex/Air        ##........   86%         5    ######.
 Yara's Violent Unravell  Hex/Tmut       ##........   86%         5    ######.
 Fireball                 Conj/Fire      #.........   99%         5    ######.
 Deflect Missiles         Chrm/Air       #.........   100%        6    #######
 Discord                  Hex            ###.......   100%        8    #######


Dungeon Overview and Level Annotations

Branches:
Dungeon (14/15)            Temple (0/1) D:7             Orc (2/2) D:11
 Vaults (0/5) D:13
   Lair: D:8-11         Elf: Orc:2

Altars:
Ashenzari
Cheibriados
Fedhas
Makhleb
Nemelex Xobeh
Qazlal
Uskayaw
Vehumet
Wu Jian
Xom
The Shining One
Beogh

Shops:
D:5 (

Annotations:
D:10 1 runed door, Tinttamiau's ghost, novice GnWn


Innate Abilities, Weirdness & Mutations

You cannot wear most types of armour.
You are very stealthy in the water. (Stealth+)
You are amphibious.
You can wear up to eight rings at the same time.
You can use your tentacles to constrict eight enemies at once.
Your skin changes colour to match your surroundings (Stealth+).
Your rubbery body absorbs attacks. (AC +1, EV +1)


Message History

The sixfirhy shocks you!
* * * LOW HITPOINT WARNING * * *
You block the sixfirhy's attack.
You hit the orc sorcerer but do no damage.
The orc sorcerer looks as sick as possible!
You grab the orc sorcerer.
You squeeze the orc sorcerer, but do no damage.
The orc sorcerer is almost dead.
You constrict the orc sorcerer.
You kill the orc sorcerer!
The Council accepts your kill.
The sixfirhy disappears in a puff of smoke! x2
Your life force feels restored.
You spin and attack the orc warrior repeatedly.
You hit the orc warrior but do no damage.
The orc warrior is poisoned.
Your grab misses the orc warrior. You completely miss the orc warrior.
Your grab misses the orc warrior. Your squeeze misses the orc warrior.
The orc warrior hits you with a cursed -1 dire flail!!
You die...

###.#.###$.......#
....##......#.#.... ..#$
....#..........#.. .....
................###....$
......................$.
...........()[...$......
...........(..÷......#.#
............(.......$...
........§@...)..........
.......§o...<......(..##
.#........(.).$....#...#
.........(#........# ...
..................#....#
.....................# #
...#.........._........
...#.............#...#.
## #..........$..##..$


You could see an orc warrior (pinned).

Vanquished Creatures
  Nessos (D:12)
  An ettin (Orc:2)
  5 vault guards (D:13)
  2 hydras (D:11)
  2 centaur warriors
  3 two-headed ogres
  Nergalle (D:11)
  Sonja (D:10)
  3 unseen horrors
  An orc knight (Orc:1)
  5 cyclopes
  An orc sorcerer (Orc:2)
  8 ugly things
  2 centaur zombies
  3 gargoyles
  Psyche (D:12)
  2 centaur skeletons
  A kobold demonologist (D:13)
  An efreet (D:14)
  2 yaktaurs
  A troll (D:12)
  2 tengu conjurers (D:13)
  3 slime creatures (D:13)
  6 hippogriffs
  15 yaks
  2 wraiths
  2 wyverns
  A basilisk (D:14)
  4 vampire mosquitoes (D:12)
  3 hungry ghosts
  4 wargs
  Menkaure (D:4)
  4 water moccasins
  2 acid dragons
  Duvessa (D:6)
  6 ice beasts
  19 orc warriors
  7 sky beasts
  7 necrophages
  An eye of draining (D:12)
  A hornet zombie (D:7)
  2 black bears
  8 ogres
  3 phantoms
  12 centaurs
  4 big kobolds
  10 bullfrogs
  2 wyvern skeletons
  4 scorpions
  2 water moccasin skeletons
  Dowan (D:6)
  14 killer bees
  3 wights (D:10)
  A howler monkey (D:5)
  9 crimson imps
  2 bullfrog zombies
  5 hounds
  2 quasits
  11 orc priests
  2 bullfrog skeletons
  3 jellies
  14 orc wizards
  2 iguanas
  9 worker ants
  A hound zombie (D:10)
  A hound skeleton (D:5)
  18 adders
  7 gnolls
  5 shadow imps
  15 oozes
  2 adder skeletons
  3 dart slugs
  2 worms
  14 leopard geckos
  63 orcs
  9 ball pythons
  18 giant cockroaches
  8 goblins
  5 hobgoblins
  17 jackals
  14 kobolds
  4 quokkas
  A ball python skeleton (D:4)
  8 bats
  21 frilled lizards
  A quokka skeleton (D:6)
  2 quokka zombies
  6 rats
  2 bushes (D:10)
510 creatures vanquished.

Vanquished Creatures (others)
  An orc priest (Orc:2)
  An orc (Orc:2)
  11 plants (D:10)
13 creatures vanquished.

Grand Total: 523 creatures vanquished

Notes
Turn   | Place    | Note
-------+----------+-------------------------------------------
     0 | D:1      | LLavrengius the Octopode Fighter began the quest for the
                  | Orb.
     0 | D:1      | Reached XP level 1. HP: 16/16 MP: 1/1
   259 | D:1      | Reached XP level 2. HP: 21/21 MP: 2/2
   386 | D:1      | Reached skill level 1 in Stealth
   555 | D:1      | Reached XP level 3. HP: 16/26 MP: 3/3
  1291 | D:2      | Reached XP level 4. HP: 31/31 MP: 4/4
  1875 | D:3      | Found a radiant altar of Vehumet.
  2251 | D:3      | Reached XP level 5. HP: 36/36 MP: 5/5
  2264 | D:3      | Found an ornate altar of the Wu Jian Council.
  2283 | D:3      | Became a worshipper of the Wu Jian Council
  2337 | D:4      | Noticed a phantom
  2421 | D:4      | Found a glowing drain.
  2448 | Sewer    | Entered a sewer
  2640 | Sewer    | Reached XP level 6. HP: 43/43 MP: 6/6
  2680 | Sewer    | Reached * piety under Wu Jian
  2755 | Sewer    | Reached skill level 4 in Shields
  2961 | Sewer    | Reached ** piety under Wu Jian
  3041 | Sewer    | Reached XP level 7. HP: 33/49 MP: 7/7
  3338 | D:4      | Learned a level 1 spell: Confusing Touch
  3378 | D:4      | Reached skill level 1 in Hexes
  3445 | D:4      | Reached skill level 5 in Fighting
  3445 | D:4      | Reached skill level 1 in Spellcasting
  3460 | D:4      | Noticed Menkaure
  3462 | D:4      | Killed Menkaure
  3785 | D:4      | Reached XP level 8. HP: 55/55 MP: 10/10
  3892 | D:4      | Reached skill level 5 in Short Blades
  4210 | D:5      | Entered Level 5 of the Dungeon
  4422 | D:5      | Reached *** piety under Wu Jian
  5404 | D:5      | Found Salatao's Antique Weapon Shop.
  6584 | D:6      | Reached XP level 9. HP: 63/63 MP: 12/12
  6814 | D:6      | Found a glowing golden altar of the Shining One.
  7010 | D:6      | Noticed Dowan
  7010 | D:6      | Noticed Duvessa
  7019 | D:6      | Killed Dowan
  7084 | D:6      | Killed Duvessa
  7308 | D:7      | Reached skill level 5 in Shields
  7320 | D:7      | Noticed an unseen horror
  7326 | D:7      | Killed an unseen horror
  7326 | D:7      | Reached skill level 6 in Shields
  7332 | D:7      | Noticed a two-headed ogre
  7381 | D:7      | Killed a two-headed ogre
  7381 | D:7      | Reached skill level 7 in Shields
  7381 | D:7      | Reached XP level 10. HP: 7/72 MP: 13/13
  7639 | D:7      | Found a staircase to the Ecumenical Temple.
  7807 | D:7      | Reached **** piety under Wu Jian
  9095 | D:9      | Reached skill level 8 in Shields
  9655 | D:9      | Noticed a fire dragon
  9680 | D:9      | Found a hide-covered altar of Uskayaw.
  9684 | D:9      | Found a glowing golden altar of the Shining One.
  9687 | D:9      | Found a snail-covered altar of Cheibriados.
  9688 | D:9      | Found a stormy altar of Qazlal.
  9688 | D:9      | Found a shattered altar of Ashenzari.
  9691 | D:9      | Found a sparkling altar of Nemelex Xobeh.
  9813 | D:9      | Reached skill level 5 in Hexes
  9993 | D:9      | Found a blossoming altar of Fedhas.
  9993 | D:9      | Found a burning altar of Makhleb.
 10006 | D:9      | Noticed a cyclops
 10044 | D:9      | Killed a cyclops
 10044 | D:9      | Reached skill level 9 in Shields
 10241 | D:10     | Entered Level 10 of the Dungeon
 10241 | D:10     | Noticed Sonja
 10244 | D:10     | Killed Sonja
 10244 | D:10     | Reached XP level 11. HP: 81/81 MP: 14/14
 10265 | D:10     | Reached skill level 10 in Fighting
 10569 | D:10     | Found a shimmering altar of Xom.
 10569 | D:10     | Noticed a +0 scimitar of chaos
 10569 | D:10     | Noticed Tinttamiau's ghost (novice GnWn)
 10570 | D:10     | Found a runed door.
 10639 | D:10     | Reached skill level 1 in Evocations
 10649 | D:10     | Reached ***** piety under Wu Jian
 10909 | D:10     | Found a blossoming altar of Fedhas.
 11378 | D:10     | Reached skill level 10 in Shields
 11707 | D:11     | Noticed a two-headed ogre
 11707 | D:11     | Noticed Nergalle
 11837 | D:9      | Identified the ring "Jefrusai" {+Fly rPois rC- rN+ EV+3}
 12202 | D:11     | Noticed a cyclops
 12375 | D:11     | Killed Nergalle
 12375 | D:11     | HP: 2/82 [two-headed ogre/+0 giant club (16)]
 12376 | D:11     | Noticed a cyclops
 12399 | D:11     | Killed a two-headed ogre
 12517 | D:11     | Killed a cyclops
 12625 | D:11     | Noticed an unseen horror
 12637 | D:11     | Killed an unseen horror
 12637 | D:11     | Reached XP level 12. HP: 80/90 MP: 15/15
 12817 | D:11     | Found a staircase to the Orcish Mines.
 12869 | D:11     | Noticed a seven-headed hydra
 12874 | D:11     | Noticed a four-headed hydra
 12883 | D:11     | Killed a four-headed hydra
 12887 | D:11     | HP: 2/90 [seven-headed hydra (10)]
 13097 | D:11     | HP: 1/90 [seven-headed hydra (14)]
 13502 | D:11     | Reached skill level 5 in Evocations
 13577 | D:11     | Killed a seven-headed hydra
 13967 | D:12     | Reached skill level 11 in Shields
 14070 | D:12     | Noticed a two-headed ogre
 14156 | D:12     | Noticed Psyche
 14165 | D:12     | Killed Psyche
 14411 | D:12     | Noticed Nessos
 14416 | D:12     | Killed Nessos
 14416 | D:12     | Reached skill level 10 in Short Blades
 14427 | D:12     | HP: 3/90 [cyan ugly thing (14)]
 14753 | D:12     | Reached XP level 13. HP: 87/97 MP: 19/19
 14779 | D:12     | Learned a level 4 spell: Cause Fear
 14783 | D:12     | Learned a level 3 spell: Regeneration
 14957 | D:12     | Reached skill level 12 in Shields
 15317 | D:13     | Reached ****** piety under Wu Jian
 15318 | D:13     | Reached skill level 5 in Dodging
 15855 | D:13     | Noticed a vault guard
 15856 | D:13     | Noticed a vault guard
 15864 | D:13     | Killed a vault guard
 15999 | D:13     | Killed a vault guard
 16099 | D:13     | Noticed a vault guard
 16118 | D:13     | Killed a vault guard
 16206 | D:13     | Found a gate to the Vaults.
 16206 | D:13     | Noticed a vault guard
 16206 | D:13     | Noticed a vault guard
 16266 | D:13     | Killed a vault guard
 16322 | D:13     | Killed a vault guard
 16322 | D:13     | Reached skill level 13 in Shields
 17070 | D:14     | HP: 2/97 [centaur warrior/cursed -2 shortbow (13)]
 18962 | Orc:1    | Entered Level 1 of the Orcish Mines
 20121 | Orc:1    | Found a roughly hewn altar of Beogh.
 20207 | Orc:2    | Entered Level 2 of the Orcish Mines
 20207 | Orc:2    | Found a roughly hewn altar of Beogh.
 20207 | Orc:2    | Noticed an ettin
 20214 | Orc:2    | Killed an ettin
 20214 | Orc:2    | Reached XP level 14. HP: 40/103 MP: 20/20
 20234 | Orc:1    | HP: 1/103 [orc priest/nerve-wracking pain (6)]
 20602 | Orc:2    | Demolished by an orc warrior

Vault maps used:
D:1:      psy_arrival_basics, corner_web_ring, minmay_misc_feat_doors
D:2:      first_ration
D:3:      vehumet_crystals, lemuel_coloured_pillars_altar
D:4:      portal_sewer_entry_a, kennysheep_nub, uniq_menkaure
D:5:      serial_shops, shop
D:6:      chequers_serial_rivers_micro_d, tso_altar, uniq_duvessa
D:7:      kennysheep_big_flooded_room, temple_fountains, grunt_ogre_cave,
          chequers_serial_rivers_micro_d, lightli_corner_chamber
D:8:      nicolae_sextant
D:9:      minmay_the_grid_triangle_9x9_recursive_2_mashed,
          gammafunk_temple_overflow_elements, lemuel_crystal_altar, minitemple,
          lair_entry_dummy
D:10:     ebering_ghost_xom, fedhas_altar_decomposition, uniq_sonja
D:11:     david_orc_4, lightli_fourway_metalbox, uniq_nergalle
D:12:     uniq_nessos, uniq_psyche
D:13:     grunt_vaults_entry_fortified
D:14:     abandoned_shop
Orc:1:    serial_shops, shop, basic_altar
Orc:2:    st_orc_pillars, portal_ice_cave_entry_pillars_1, basic_altar
Sewer:    sewer_frog_island_02

Skill      XL: |  1  2  3  4  5  6  7  8  9 10 11 12 13 14 |
---------------+-------------------------------------------+-----
Stealth        | 2 4 |  4.0
Short Blades   | 3 4 6 7 8 9 10 | 10.1
Shields        | 4 7 9 10 11 13 | 13.8
Fighting       | 4 5 6 7 9 11 12 | 12.0
Dodging        | 4 7 |  7.1
Hexes          | 1 4 5 |  5.0
Spellcasting   | 1 2 4 |  4.0
Evocations     | 4 5 7 8 |  8.0

Action                   |  1- 3 |  4- 6 |  7- 9 | 10-12 | 13-15 || total
-------------------------+-------+-------+-------+-------+-------++-------
Melee: Rapier            |    47 |       |       |     9 |       ||    56
       Tentacles         |     9 |    40 |    62 |   305 |   215 ||   631
       Constrict         |     9 |    48 |    38 |   129 |   131 ||   355
       Dagger            |     3 |   221 |   256 |  1271 |   824 ||  2575
       Scimitar          |       |       |       |       |     5 ||     5
 Fire: Blowgun           |       |       |       |       |     4 ||     4
 Cast: Confusing Touch   |       |       |       |    14 |       ||    14
Invok: Lunge             |       |    19 |    30 |   113 |    72 ||   234
       Whirlwind         |       |     1 |    10 |   178 |   147 ||   336
Evoke: Wand              |       |       |       |     9 |     9 ||    18
  Use: Scroll            |       |     4 |     3 |    17 |     5 ||    29
       Potion            |       |       |       |     4 |     2 ||     6
 Stab: Sleeping          |    12 |    20 |    18 |    15 |     7 ||    72
       Distracted        |       |     1 |     1 |     3 |     1 ||     6
       Confused          |       |       |       |    10 |       ||    10
  Eat: Chunk             |     1 |     6 |     6 |    31 |    15 ||    59
       Ration            |       |       |     2 |     1 |     1 ||     4
Armor: Skin              |     3 |    11 |    16 |    58 |    11 ||    99
Dodge: Dodged            |    15 |    68 |    65 |   340 |   216 ||   704
Block: Shield            |    16 |    79 |    58 |   435 |   294 ||   882
       Reflection        |       |       |       |       |    10 ||    10
       Rpst.: Scimitar   |       |       |       |       |     1 ||     1

Table legend:
 A = Non-vault XP
 B = Vault XP
 C = Vault XP percentage of total XP
 D = Non-vault monster count
 E = Vault monster count
 F = Vault count percentage of total count
                 A         B        C        D         E       F
            +---------+---------+-------+---------+---------+-------
      Total |   41224 |   14931 |  26.6 |     393 |     116 |  22.8
            +---------+---------+-------+---------+---------+-------
        D:1 |      41 |       0 |   0.0 |      19 |       0 |   0.0
        D:2 |      49 |       0 |   0.0 |      16 |       0 |   0.0
        D:3 |     221 |       0 |   0.0 |      29 |       0 |   0.0
        D:4 |     549 |     174 |  24.1 |      30 |       5 |  14.3
        D:5 |     823 |       0 |   0.0 |      18 |       0 |   0.0
        D:6 |     601 |     208 |  25.7 |      20 |       2 |   9.1
        D:7 |    1921 |     964 |  33.4 |      20 |       3 |  13.0
        D:8 |     390 |       0 |   0.0 |      12 |       0 |   0.0
        D:9 |    2024 |    1340 |  39.8 |      20 |       5 |  20.0
       D:10 |    3208 |    1751 |  35.3 |      51 |      14 |  21.5
       D:11 |    8081 |    1945 |  19.4 |      30 |      14 |  31.8
       D:12 |    8125 |    1675 |  17.1 |      43 |       2 |   4.4
       D:13 |    5328 |    6520 |  55.0 |      25 |      10 |  28.6
       D:14 |    5622 |       0 |   0.0 |      17 |       0 |   0.0
      Orc:1 |    2035 |       0 |   0.0 |      32 |       0 |   0.0
      Orc:2 |    2206 |       0 |   0.0 |      11 |       0 |   0.0
      Sewer |       0 |     354 | 100.0 |       0 |      61 | 100.0
            +---------+---------+-------+---------+---------+-------
